 Dungeon Crawl Stone Soup version 0.16-a0-1301-gf74d490 (webtiles) character file.

888 Ololoev the Cudgeler (level 8, -2/60 (61) HPs)
             Began as a Ghoul Gladiator on Oct 15, 2014.
             Slain by a worker ant (4 damage)
             ... on level 6 of the Dungeon.
             The game lasted 00:24:46 (4910 turns).

Ololoev the Cudgeler (Ghoul Gladiator)              Turns: 4910, Time: 00:24:46

HP:   -2/60 (61)    AC: 13    Str: 19    XL:     8   Next: 6%
MP:   10/10         EV:  6    Int:  3    God:
Gold: 212           SH:  0    Dex: 11    Spells: 0 memorised, 7 levels left

rFire  + . .     SeeInvis +     b - -1 blowgun (curse)
rCold  + . .     Clarity  .     m - +0 chain mail
rNeg   + + +     SustAb   .     (no shield)
rPois  +         Saprov   + + + c - +0 helmet
rElec  .         Spirit   .     g - +2 cloak
rCorr  .         Warding  .     (no gloves)
rMut   .         Stasis   .     j - +0 pair of boots
MR     .....                    (no amulet)
Stlth  ..........               w - ring of see invisible
                                h - ring of protection from fire

@: rotting, not resistant to hostile enchantments, extremely unstealthy
A: rotting body, claws 1, carnivore 3, cold resistance 1, negative energy
resistance 3, poison resistance, saprovore 3, slow healing 1, torment
resistance, unbreathing
a: no special abilities


You were on level 6 of the Dungeon.
You were not hungry.

You visited 1 branch of the dungeon, and saw 6 of its levels.

You collected 212 gold pieces.

Inventory:

Hand weapons
 a - a +1 mace of protection
 b - a cursed -1 blowgun (weapon)
Armour
 c - a +0 helmet (worn)
 g - a +2 cloak (worn)
 j - a +0 pair of boots (worn)
 m - a +0 chain mail (worn)
Jewellery
 h - a ring of protection from fire (left claw)
 w - a ring of see invisible (right claw)
Magical devices
 e - a wand of frost (0)
Scrolls
 f - a scroll of identify
Potions
 r - a potion of cure mutation
Comestibles
 k - a chunk of adder flesh
 l - a slice of pizza
 t - a royal jelly
 u - a meat ration


   Skills:
 - Level 2.1 Fighting
 + Level 7.9 Maces & Flails
 - Level 1.7 Throwing
 - Level 2.6 Dodging
 * Level 3.3 Evocations


You had 7 spell levels left.
You didn't know any spells.

Dungeon Overview and Level Annotations

Branches:
Dungeon (6/15)
 Temple: D:4-7

Altars:
Ashenzari
Dithmenos
Qazlal
Xom
Yredelemnul
The Shining One

Annotations:
D:4 UristPineapples' ghost, average HuFi
D:5 TAS2012's ghost, experienced MiHu


Innate Abilities, Weirdness & Mutations

Your body is rotting away.
You have sharp fingernails.
You are carnivorous and can eat meat at any time.
Your flesh is cold resistant.
You are immune to negative energy.
Your system is resistant to poisons.
You thrive on rotten meat.
You heal slowly when monsters are visible.
You are immune to unholy pain and torment.
You can survive without breathing.


Message History

You feel a wave of unholy energy pass over you.
The worker ant closely misses you.
The ice beast hits you but does no damage.
The worker ant bites you but does no damage.
The ice beast hits you but does no damage.
The worker ant bites you but does no damage.
The ice beast hits you.
* * * LOW HITPOINT WARNING * * *
The ice beast freezes you. You resist.
* * * LOW HITPOINT WARNING * * *
The worker ant bites you but does no damage.
The ice beast barely misses you.
The worker ant bites you but does no damage.
The worker ant barely misses you.
The ice beast hits you but does no damage.
The worker ant bites you.
* * * LOW HITPOINT WARNING * * *
The ice beast hits you but does no damage.
The worker ant bites you.
You die...

#.......#.......##
###.#.#.#.........#
#..<..............+
###.#(#.#.........#
#....####.$.....##
#.(#.# ##.....##
##..(# ##Ko.##
##.## ##Y## #.# #@#
#.# #a# #.# #.# #.#
... #.# ... #.#
#...# #.# ##.## #.#
...


You could see an ice beast, a worker ant, an orc wizard and a kobold.

Vanquished Creatures
  A sky beast (D:4)
  A phantom (D:4)
  An ogre (D:4)
  A giant frog (D:6)
  2 hounds
  2 orc priests (D:4)
  An iguana (D:4)
  4 orc wizards
  2 worker ants (D:4)
  4 gnolls
  9 adders
  2 worms
  3 giant mites
  2 giant geckos
  3 oozes
  12 orcs
  16 bats
  2 giant cockroaches
  6 goblins
  16 hobgoblins
  6 jackals
  A ball python (D:3)
  6 giant newts
  8 kobolds
  5 quokkas
  14 rats
  A rat skeleton (D:4)
131 creatures vanquished.

Notes
Turn   | Place    | Note
--------------------------------------------------------------
     0 | D:1      | Ololoev, the Ghoul Gladiator, began the quest for the Orb.
     0 | D:1      | Reached XP level 1. HP: 17/17 MP: 1/1
    37 | D:1      | Reached skill level 3 in Maces & Flails
    95 | D:1      | Reached XP level 2. HP: 15/24 MP: 2/2
   571 | D:1      | Reached XP level 3. HP: 29/29 MP: 3/3
   673 | D:1      | Reached skill level 4 in Maces & Flails
  1035 | D:2      | Reached XP level 4. HP: 34/34 MP: 3/3
  1334 | D:2      | Reached skill level 5 in Maces & Flails
  1334 | D:2      | Reached XP level 5. HP: 35/41 MP: 4/4
  2688 | D:4      | Noticed a phantom
  2725 | D:4      | Killed a phantom
  2725 | D:4      | Reached skill level 6 in Maces & Flails
  2725 | D:4      | Reached XP level 6. HP: 35/48 MP: 5/5
  2802 | D:4      | Found a shadowy altar of Dithmenos.
  2802 | D:4      | Found a glowing golden altar of the Shining One.
  2802 | D:4      | Found a shattered altar of Ashenzari.
  2802 | D:4      | Found a shimmering altar of Xom.
  2802 | D:4      | Found a basalt altar of Yredelemnul.
  3013 | D:4      | Reached skill level 7 in Maces & Flails
  3013 | D:4      | Reached XP level 7. HP: 50/55 MP: 5/5
  3310 | D:5      | Entered Level 5 of the Dungeon
  3330 | D:5      | Found a stormy altar of Qazlal.
  3537 | D:4      | Reached skill level 1 in Evocations
  3989 | D:4      | Noticed UristPineapples' ghost (average HuFi)
  4040 | D:4      | Noticed a centaur
  4805 | D:5      | Noticed TAS2012's ghost (experienced MiHu)
  4863 | D:6      | Reached XP level 8. HP: 28/60 MP: 10/10
  4909 | D:6      | HP: 2/60 [worker ant (5)]
  4910 | D:6      | Slain by a worker ant

Action                   |  1- 3 |  4- 6 |  7- 9 || total
-------------------------+-------+-------+-------++-------
Melee: Flail             |   104 |    63 |       ||   167
       Mace              |       |   190 |       ||   190
       Blowgun           |       |     5 |   267 ||   272
 Fire: Blowgun           |       |    36 |    94 ||   130
Throw: Throwing net      |       |     1 |     6 ||     7
Evoke: Wand              |       |       |     7 ||     7
  Use: Scroll            |       |     4 |       ||     4
       Potion            |       |     4 |       ||     4
 Stab: Held in net/web   |       |       |     1 ||     1
  Eat: Chunk             |    13 |    20 |    14 ||    47
